 Dungeon Sprint DCSS version 0.21-a0-278-ga722497 (webtiles) character file.

28 potatolord6000 the Skirmisher (level 3, -8/35 HPs)
             Began as a Hill Orc Fighter on Sept 21, 2017.
             Was a Follower of Beogh.
             Mangled by Crazy Yiuf
             ... wielding a +4 quarterstaff of chaos
              (13 damage)
             ... in the Dungeon (Sprint VII: "The Pits").
             The game lasted 00:00:41 (274 turns).

potatolord6000 the Skirmisher (Hill Orc Fighter)     Turns: 274, Time: 00:00:42

Health: -8/35      AC:  7    Str: 19    XL:     3   Next: 12%
Magic:  1/5        EV:  7    Int:  8    God:    Beogh [*.....]
Gold:   0          SH:  9    Dex: 10    Spells: 2/2 levels left

rFire    . . .     SeeInvis .   a - +0 war axe
rCold    . . .     Gourm    .   c - +0 shield
rNeg     . . .     Faith    .   b - +0 scale mail
rPois    .         Spirit   .   (no helmet)
rElec    .         Reflect  .   (no cloak)
rCorr    .         Harm     .   (no gloves)
MR       .....     NoTele   +   (no boots)
Stlth    ..........             (no amulet)
HPRegen  0.11/turn              (no ring)
MPRegen  0.09/turn              (no ring)

@: hasted, drained, very quick
A: no striking features
a: Renounce Religion


You were in the Dungeon.
You worshipped Beogh.
Beogh was aware of your devotion.
You were not hungry.

You visited 1 branch

Inventory:

Hand Weapons
 a - a +0 war axe (weapon)
Armour
 b - a +0 scale mail (worn)
 c - a +0 shield (worn)
Scrolls
 k - a scroll of blinking
 m - 3 scrolls of remove curse
 n - 5 scrolls of amnesia
 o - a scroll of summoning
Potions
 d - a potion of might
 e - a potion of curing
 i - 4 potions of magic
 j - 3 potions of berserk rage
 l - 2 potions of invisibility
Comestibles
 f - 8 bread rations
 p - 40 fruits
 q - 7 meat rations


   Skills:
 + Level 4.8(4.5) Fighting
 + Level 4.3(4.0) Axes
 + Level 4.4(4.1) Armour
 + Level 4.5(4.2) Shields
 + Level 2.7(2.5) Invocations


You had 2 spell levels left.
You didn't know any spells.

Dungeon Overview and Level Annotations

Branches:
Dungeon (1/1)

Altars:
Ashenzari
Cheibriados
Dithmenos
Elyvilon
Fedhas
Gozag
Hepliaklqana
Kikubaaqudgha
Makhleb
Nemelex Xobeh
Okawaru
Qazlal
Ru
Sif Muna
Trog
Uskayaw
Vehumet
Wu Jian
Xom
Yredelemnul
Zin
The Shining One
Beogh
Jiyva
Lugonu

Annotations:
D Crazy Yiuf


Message History

You barely miss Crazy Yiuf.
You feel sick.
You are no longer poisoned.
Aiming: Smiting
Press: ? - help, Dir - move target cursor, f - Crazy Yiuf Smite: Crazy Yiuf, wielding a quarterstaff of chaos and wearing a cloak (unusually agile)
You smite Crazy Yiuf!
Crazy Yiuf is severely wounded.
You can no longer smite your foes.
Crazy Yiuf whimpers, "Whiteboard cower illywillydillykilly!"
Crazy Yiuf hits you with a quarterstaff of chaos.
* * * LOW HITPOINT WARNING * * *
Crazy Yiuf freezes you.
* * * LOW HITPOINT WARNING * * *
Unknown command.
Unknown command.
Unknown command.
You barely miss Crazy Yiuf.
Crazy Yiuf is severely wounded.
Crazy Yiuf hits you with a quarterstaff of chaos!
You die...

##########'##...........
#.?(.')))'.##......#..#.
##########.##...........
#...........'...........
#+#####'#####......#..#.
#.....##...........
#####†#####'#####++
#...†.##.......#
#..@..##.......#
###g####.......#
#..Z..##...<...#
..g.....##.......#
#........##.......#
###########.......#
#########


You could see Crazy Yiuf and an adder zombie.

Vanquished Creatures
  2 adders (D)
  An adder skeleton (D)
  A leopard gecko (D)
  A giant cockroach (D)
  A jackal skeleton (D)
  A leopard gecko zombie (D)
7 creatures vanquished.

Notes
Turn   | Place    | Note
-------+----------+-------------------------------------------
     0 | D        | potatolord6000 the Hill Orc Fighter began the quest for the Orb.
     0 | D        | Reached XP level 1. HP: 19/19 MP: 1/1
    43 | D        | Found a bloodstained altar of Trog.
    43 | D        | Found a deep blue altar of Sif Muna.
    43 | D        | Found a viscous altar of Jiyva.
    43 | D        | Found a hazy altar of Hepliaklqana.
    43 | D        | Found an opulent altar of Gozag.
    44 | D        | Found a glowing golden altar of the Shining One.
    44 | D        | Found a glowing silver altar of Zin.
    44 | D        | Found a basalt altar of Yredelemnul.
    44 | D        | Found a shimmering altar of Xom.
    44 | D        | Found an ornate altar of the Wu Jian Council.
    44 | D        | Found a sacrificial altar of Ru.
    44 | D        | Found a stormy altar of Qazlal.
    44 | D        | Found an iron altar of Okawaru.
    44 | D        | Found a sparkling altar of Nemelex Xobeh.
    44 | D        | Found a burning altar of Makhleb.
    44 | D        | Found a blossoming altar of Fedhas.
    44 | D        | Found a white marble altar of Elyvilon.
    44 | D        | Found a shadowy altar of Dithmenos.
    44 | D        | Found a snail-covered altar of Cheibriados.
    46 | D        | Found a radiant altar of Vehumet.
    46 | D        | Found a corrupted altar of Lugonu.
    46 | D        | Found a roughly hewn altar of Beogh.
    48 | D        | Found an ancient bone altar of Kikubaaqudgha.
    48 | D        | Found a hide-covered altar of Uskayaw.
    48 | D        | Found a shattered altar of Ashenzari.
    56 | D        | Became a worshipper of Beogh the Brigand
    82 | D        | Reached skill level 1 in Invocations
   179 | D        | Reached * piety under Beogh
   179 | D        | Reached XP level 2. HP: 27/27 MP: 3/3
   244 | D        | Noticed Crazy Yiuf
   258 | D        | Reached XP level 3. HP: 30/35 MP: 3/5
   259 | D        | Reached ** piety under Beogh
   274 | D        | Mangled by Crazy Yiuf

Vault maps used:
D:        pitsprint

Skill      XL: |  1  2 |
---------------+-------+-----
Fighting       | 4 |  4.8
Axes           | 3 4 |  4.3
Invocations    | 1 2 |  2.7
Shields        | 4 |  4.5
Armour         | 4 |  4.4

Action                   || total
-------------------------++-------
Melee: War axe           ||    51
Invok: Smiting           ||     1
  Use: Potion            ||     2
Armor: Scale mail        ||    24
Dodge: Dodged            ||    14
Block: Shield            ||    14

Table legend:
 A = Spawn XP
 B = Non-spawn XP
 C = Spawn XP percentage of total XP
 D = Spawn monster count
 E = Non-spawn monster count
 F = Spawn count percentage of total count
 G = Total turns spent on level
                    A         B        C        D         E        F      G
               +---------+---------+-------+---------+---------+-------+---------
         Total |       0 |      40 |   0.0 |       0 |       7 |   0.0 |   274
               +---------+---------+-------+---------+---------+-------+---------
             D |       0 |      40 |   0.0 |       0 |       7 |   0.0 |   274
               +---------+---------+-------+---------+---------+-------+---------
